 Dungeon Crawl Stone Soup version 0.30.1-9-gdf580d7c3d (webtiles) character file.

Game seed: 10152208909928165080

280 CrazyMind the Chiller (level 6, -4/42 HPs)
             Began as a Barachi Ice Elementalist on Oct 7, 2023.
             Slain by an ogre
             ... wielding a +0 giant club
              (30 damage)
             ... on level 4 of the Dungeon.
             The game lasted 00:15:42 (3474 turns).

CrazyMind the Chiller (Barachi Ice Elementalist)    Turns: 3474, Time: 00:15:44

Health: -4/42      AC: 10    Str: 12    XL:     6   Next: 27%
Magic:  6/11       EV: 12    Int: 28    God:
Gold:   181        SH:  0    Dex: 13    Spells: 1/12 levels left

rFire   . . .        y - +2 whip (venom)
rCold   + . .        (no shield)
rNeg    . . .        a - +0 robe
rPois   .            (no helmet)
rElec   +            E - scarf {repulsion}
rCorr   .            (no gloves)
SInv    .            (no boots)
Will    +....        t - amulet of regeneration
Stlth   ++           D - ring "Kuowyty" {rElec rC+ Will+ Str+3 Int+5}
HPRegen 1.07/turn    d - +6 ring of intelligence
MPRegen 0.12/turn

%: repel missiles
@: ice-armoured, slow
A: amphibious, slowness 1, strong legs 1, +LOS
a: Hop


You were on level 4 of the Dungeon.
You visited 1 branch of the dungeon, and saw 4 of its levels.

You collected 181 gold pieces.

Inventory:

Hand Weapons
 l - a +0 dagger
 m - a +0 sling
 n - a +0 short sword
 y - a +2 whip of venom (weapon)
Missiles
 o - a throwing net
 w - a silver boomerang
 B - 2 poisoned darts (quivered)
Armour
 a - a +0 robe (worn)
 v - a +0 leather armour
 E - a scarf of repulsion (worn)
Jewellery
 c - a ring of see invisible
 d - a +6 ring of intelligence (right hand)
 f - an amulet of faith
 t - an amulet of regeneration (around neck)
 D - the ring "Kuowyty" (left hand) {rElec rC+ Will+ Str+3 Int+5}
   (You found it on level 4 of the Dungeon)

   [ring of protection from cold]

   Str:       It affects your strength (+3).
   Int:       It affects your intelligence (+5).
   rC:        It protects you from cold.
   rElec:     It insulates you from electricity.
   Will:      It increases your willpower.
Wands
 r - a wand of charming (1)
Scrolls
 e - 5 scrolls of teleportation
 g - 3 scrolls of identify
 i - a scroll of enchant armour {unknown}
 j - a scroll of fear {unknown}
 k - a scroll of vulnerability {unknown}
 q - a scroll of amnesia {unknown}
 x - a scroll of poison {unknown}
 A - a scroll of blinking {unknown}
 C - a scroll of butterflies {unknown}
Potions
 b - a potion of magic
 h - a potion of brilliance {unknown}
 p - 3 potions of curing
 s - a potion of ambrosia {unknown}
 u - a potion of might {unknown}
 z - a potion of cancellation {unknown}


   Skills:
 + Level 0.6 Fighting
 + Level 2.5 Dodging
 + Level 2.6 Stealth
 + Level 3.5 Spellcasting
 * Level 7.5 Ice Magic


You had one spell level left.
You knew the following spells:

 Your Spells              Type           Power      Damage    Failure   Level
a - Freeze                Ice            100%       1d10      1%          1
b - Frozen Ramparts       Ice            92%        1d14      1%          3
c - Ozocubu's Armour      Ice            46%        N/A       1%          3
d - Summon Ice Beast      Ice/Summ       25%        N/A       17%         4

Your spell library contained the following spells:

 Spells                   Type           Power      Damage    Failure   Level
 Sandblast                Erth           8%         2d5       8%          1
 Passwall                 Tmut/Erth      3%         N/A       12%         2
 Stone Arrow              Conj/Erth      8%         3d7       24%         3


Dungeon Overview and Level Annotations

Branches:
Dungeon (4/15) Zot: 20005
 Temple: D:4-7

Altars:
Fedhas
Makhleb
Yredelemnul

Annotations:
D:4 Grinder, Pargi


Innate Abilities, Weirdness & Mutations

You are amphibious.
You cover ground slowly.
You can hop short distances.
You have an extended range of vision and can be seen from far away.


Message History

Magic restored.
This spell is quite dangerous to cast!
Memorise Summon Ice Beast, consuming 4 spell levels and leaving 1?
You start memorising the spell.
You continue memorising. x4
You finish memorising.
Spell assigned to 'd'.
You climb downwards.
Level annotation: Grinder, Pargi
There is a stone staircase leading up here.
You see here a +0 ring mail.
An ogre comes into view. It is wielding a +0 giant club.
The ogre shouts!
Casting: Freeze (safe; 1% risk of failure)
Confirm with . or Enter, or press ? or * to list all spells.
A film of ice covers your body!
Casting: Ozocubu's Armour (safe; 1% risk of failure)
Confirm with . or Enter, or press ? or * to list all spells.
Casting: Frozen Ramparts (safe; 1% risk of failure)
Press: ? - help, Dir - look around, f - activate
Okay, then.
You hit the ogre.
The ogre is poisoned.
The ogre is moderately wounded.
The ogre hits you with a +0 giant club!!
Casting: Frozen Ramparts (safe; 1% risk of failure)
Confirm with . or Enter, or press ? or * to list all spells.
Aiming: Freeze (safe; 1% risk of failure)
Press: ? - help, Shift-Dir - straight line, f - ogre
Aim: an ogre, wielding a +0 giant club (moderately wounded, very poisoned)
You freeze the ogre!
The ogre is heavily wounded.
Unknown command.
Casting: Freeze (safe; 1% risk of failure)
Confirm with . or Enter, or press ? or * to list all spells.
Aiming: Freeze (safe; 1% risk of failure)
Press: ? - help, Shift-Dir - straight line, f/p - ogre
Aim: an ogre, wielding a +0 giant club (severely wounded, very poisoned)
You freeze the ogre.
The ogre is severely wounded.
The ogre hits you with a +0 giant club!!
Ouch! That really hurt!
You die...

#....###.............#.##.##.#
....(........................#
.............................#
.#..........##8..............#
.#...8......#......##.8.8....#
....#........#8.8..##........#
.....8.......#.....<#.8......#
.............#8.8...#........#
..##.8.8.8.....O@.########...#
.###..........8.8## #####
..##...8.####....#
..........##.....#
.........##...#.##
.....#..........#
.##.###..#....### .....
#..#.#### ............


You could see an ogre (very poisoned).

Vanquished Creatures
  A black bear (D:4)
  An orc priest (D:3)
  Jessica (D:3)
  An orc wizard (D:3)
  5 adders
  A dart slug (D:1)
  12 orcs
  5 ball pythons
  3 bats
  6 endoplasms
  A giant cockroach (D:4)
  A hobgoblin (D:1)
  4 quokkas
  3 frilled lizards
  A goblin (D:4)
  4 kobolds
  A rat (D:2)
51 creatures vanquished.

Notes
Turn   | Place    | Note
-------+----------+-------------------------------------------
     0 | D:1      | CrazyMind the Barachi Ice Elementalist began the quest for
                  | the Orb.
     0 | D:1      | Reached XP level 1. HP: 13/13 MP: 3/3
   136 | D:1      | Found a faded altar of an unknown god.
   202 | D:1      | Reached skill level 5 in Ice Magic
   317 | D:1      | Reached XP level 2. HP: 19/19 MP: 3/5
   838 | D:2      | Reached XP level 3. HP: 24/24 MP: 3/6
   842 | D:2      | Learned a level 3 spell: Frozen Ramparts
  1275 | D:2      | Found a blossoming altar of Fedhas.
  1302 | D:2      | Reached skill level 6 in Ice Magic
  1796 | D:3      | Reached XP level 4. HP: 22/30 MP: 2/7
  1800 | D:3      | Learned a level 3 spell: Ozocubu's Armour
  2132 | D:3      | Noticed Jessica
  2136 | D:3      | Reached XP level 5. HP: 18/35 MP: 5/9
  2252 | D:3      | Killed Jessica
  2529 | D:3      | Found a burning altar of Makhleb.
  2777 | D:4      | Noticed Grinder
  2841 | D:4      | Reached skill level 7 in Ice Magic
  2866 | D:4      | Identified the ring "Kuowyty" {rElec rC+ Will+ Str+3 Int+5}
  2882 | D:4      | Found a basalt altar of Yredelemnul.
  3124 | D:4      | Noticed Pargi
  3330 | D:4      | Noticed a black bear
  3337 | D:4      | Killed a black bear
  3338 | D:4      | Reached XP level 6. HP: 42/42 MP: 0/11
  3417 | D:3      | Learned a level 4 spell: Summon Ice Beast
  3474 | D:4      | Slain by an ogre

Illustrated notes

Levels and vault maps discovered:
D:1:      reono_arrival_forest_river, layout_loops_ring,
          shapermc_ecumenical_altar_petra, minivault_25,
          hangedman_decor_riveting
D:2:      layout_loops_corners, basic_altar
D:3:      layout_loops_cross, mainiacjoe_overflow_alcove_2, uniq_jessica
D:4:      kennysheep_spiral_hall, layout_cave_pools, mainiacjoe_overflow_paths,
          serial_column_ruins, column_ruins_square_large,
          column_ruins_hut_ruined, column_ruins_corridor_T,
          column_ruins_corridor_dead_end, column_ruins_corridor_straight,
          column_ruins_grid_1, column_ruins_open_large, column_ruins_grid_3,
          st_stairs_4, uniq_grinder, uniq_pargi

Skill      XL: |  1  2  3  4  5 |
---------------+----------------+-----
Ice Magic      | 5 6 7 |  7.5
Stealth        | 2 |  2.6
Spellcasting   | 3 |  3.5
Fighting       | |  0.6
Dodging        | |  2.5

Action                     |  1- 3 |  4- 6 || total
---------------------------+-------+-------++-------
  Melee: Unarmed           |     4 |       ||     4
         Spear             |     1 |       ||     1
         Short sword       |     5 |     9 ||    14
         Whip              |       |    20 ||    20
  Throw: Dart              |       |     1 ||     1
   Cast: Freeze            |    29 |    34 ||    63
         Frozen Ramparts   |       |     4 ||     4
         Ozocubu's Armour  |       |     2 ||     2
    Use: Scroll            |       |     2 ||     2
   Stab: Sleeping          |    10 |     3 ||    13
 Armour: Robe              |     1 |     8 ||     9
  Dodge: Dodged            |    19 |    32 ||    51
